 Dungeon Crawl Stone Soup version 0.19.0-17-g07987d3 (webtiles) character file.

228 pkoi the Martial Artist (level 5, -1/45 HPs)
             Began as a Draconian Monk on Nov 11, 2016.
             Slain by an ogre
             ... wielding a +0 giant spiked club
              (22 damage)
             ... on level 4 of the Dungeon.
             The game lasted 00:03:22 (2536 turns).

pkoi the Martial Artist (Draconian Monk)            Turns: 2536, Time: 00:03:23

Health: -1/45      AC:  5    Str: 13    XL:     5   Next: 71%
Magic:  5/5        EV: 17    Int: 11    God:
Gold:   143        SH:  0    Dex: 14    Spells: 0 memorised, 4 levels left

rFire  . . .     SeeInvis .       - Unarmed
rCold  . . .     Gourm    .     (armour unavailable)
rNeg   . . .     Faith    .     (no shield)
rPois  .         Spirit   .     (helmet restricted)
rElec  .         Reflect  .     (no cloak)
rCorr  .         Harm     .     (no gloves)
MR     .....                    (no boots)
Stlth  ++........               (no amulet)
                                (no ring)
                                n - +4 ring of evasion

@: no status effects
A: unfitting armour, cold-blooded, AC +5
a: no special abilities


You were on level 4 of the Dungeon.
You were not hungry.

You visited 1 branch of the dungeon, and saw 4 of its levels.

You collected 143 gold pieces.

Inventory:

Jewellery
 n - a +4 ring of evasion (left hand)
Scrolls
 b - 2 scrolls of amnesia
 d - a scroll of magic mapping
 j - 2 scrolls of identify
Potions
 c - a potion of agility
 f - 3 potions of curing
Comestibles
 a - 2 bread rations
 h - a meat ration
 i - 3 beef jerkies


   Skills:
 + Level 3.4 Fighting
 + Level 3.5 Dodging
 - Level 1.7 Stealth
 + Level 12.0 Unarmed Combat


You had 4 spell levels left.
You didn't know any spells.

Dungeon Overview and Level Annotations

Branches:
Dungeon (4/15)
 Temple: D:4-7

Altars:


Innate Abilities, Weirdness & Mutations

Your plain brown scales are hard. (AC +5)
You cannot fit into any form of body armour.
You are cold-blooded and may be slowed by cold attacks.


Message History

You hit the ogre.
You tail-slap the ogre, but do no damage.
The ogre is moderately wounded.
You completely miss the ogre. You tail-slap the ogre.
The ogre is heavily wounded.
The ogre closely misses you.
You barely miss the ogre.
The ogre is moderately wounded.
You completely miss the ogre.
The ogre is moderately wounded.
The ogre misses you.
You hit the ogre.
The ogre is heavily wounded.
The ogre barely misses you.
You hit the ogre.
Your tail-slap misses the ogre.
The ogre is severely wounded.
You barely miss the ogre.
The ogre is severely wounded.
The ogre hits you with a giant spiked club!!
You die...

....##....#######.#
..(.##.##########.#
....##.# #........#
....##.# #........#
....##+#
#........## ....#
...)......# ....+
..........# ##.##
.#####....# #.@..#
#.O.......
#.........
#.........
#.........
#.........
#.........
#.........


You could see an ogre.

Vanquished Creatures
  The ghost of pkoi the Ruffian, an amateur DrMo (D:3)
  A gnoll (D:2)
  2 adders
  A worm (D:2)
  4 leopard geckos
  2 orcs (D:3)
  A ball python (D:3)
  A giant cockroach (D:3)
  6 goblins (D:1)
  3 hobgoblins (D:1)
  4 bats
  4 frilled lizards
  4 kobolds (D:1)
  7 rats
41 creatures vanquished.

Notes
Turn   | Place    | Note
-------+----------+-------------------------------------------
     0 | D:1      | pkoi the Draconian Monk began the quest for the Orb.
     0 | D:1      | Reached XP level 1. HP: 19/19 MP: 1/1
   428 | D:1      | Reached XP level 2. HP: 24/26 MP: 2/2
  1238 | D:2      | Reached XP level 3. HP: 31/31 MP: 3/3
  1256 | D:2      | Reached skill level 4 in Unarmed Combat
  1274 | D:2      | HP: 1/31 [gnoll/spear of piercing (2)]
  2086 | D:3      | Reached XP level 4. HP: 38/38 MP: 4/4
  2104 | D:3      | Reached skill level 12 in Unarmed Combat
  2104 | D:3      | Reached XP level 5. HP: 45/45 MP: 5/5
  2154 | D:3      | Noticed pkoi's ghost (amateur DrMo)
  2162 | D:3      | Killed pkoi's ghost
  2522 | D:4      | Noticed an ogre
  2536 | D:4      | Slain by an ogre

Skill      XL: |  1  2  3  4 |
---------------+-------------+-----
Dodging        | 3 |  3.5
Unarmed Combat | 4 12 | 12.0
Fighting       | |  3.4
Stealth        | |  1.7

Action                   |  1- 3 |  4- 6 || total
-------------------------+-------+-------++-------
Melee: Unarmed           |   115 |    25 ||   140
       Tailslap          |     9 |     3 ||    12
       Punch             |       |     1 ||     1
  Use: Scroll            |       |     5 ||     5
       Potion            |       |     5 ||     5
 Stab: Sleeping          |     4 |       ||     4
  Eat: Chunk             |     4 |     1 ||     5
Armor: Skin              |    19 |     6 ||    25
Dodge: Dodged            |    69 |    26 ||    95
